 Dungeon Crawl Stone Soup version 0.26-a0-812-g31a745ddcd (webtiles) character file.

Game seed: 2724177709569730815

79 Lanoc the Ducker (level 4, -5/38 HPs)
             Began as a Minotaur Air Elementalist on Nov 30, 2020.
             Killed from afar by an orc wizard (12 damage)
             ... with a magic dart
             ... on level 3 of the Dungeon.
             The game lasted 00:02:57 (2137 turns).

Lanoc the Ducker (Minotaur Air Elementalist)        Turns: 2137, Time: 00:02:57

Health: -5/38      AC:  3    Str: 13      XL:     4   Next: 17%
Magic:  1/5        EV: 13    Int: 10 (12) God:
Gold:   78         SH:  0    Dex:  9 (11) Spells: 4/5 levels left

rFire    . . .     SeeInvis .   (no weapon)
rCold    . . .     Faith    .   (no shield)
rNeg     . . .     Spirit   .   a - +0 robe
rPois    .         Reflect  .   (helmet restricted)
rElec    .         Harm     .   c - +0 cloak
rCorr    .         Rampage  .   (no gloves)
MR       +....                  (no boots)
Stlth    ++........             o - amulet of the acrobat
HPRegen  0.12/turn              j - ring of protection from magic
MPRegen  0.09/turn              (no ring)

@: no status effects
A: retaliatory headbutt, horns 2
a: no special abilities


You were on level 3 of the Dungeon.
You visited 1 branch of the dungeon, and saw 3 of its levels.

You collected 78 gold pieces.

Inventory:

Armour
 a - a +0 robe (worn)
 c - a +0 cloak (worn)
Jewellery
 j - a ring of protection from magic (left hand)
 o - an amulet of the acrobat (around neck)
Scrolls
 b - 2 scrolls of amnesia {unknown}
 d - 2 scrolls of identify {unknown}
 f - a scroll of noise {unknown}
 g - 2 scrolls of teleportation {unknown}
 h - 3 scrolls of remove curse {unknown}
 k - a scroll of immolation {unknown}
 l - a scroll of blinking {unknown}
 m - a scroll of fear {unknown}
 n - a scroll of enchant armour {unknown}
Potions
 e - a potion of lignification
 i - a potion of cancellation {unknown}
 p - 2 potions of brilliance {unknown}


   Skills:
 + Level 3.2 Fighting
 + Level 3.8 Dodging
 - Level 1.5 Stealth
 - Level 1.3 Spellcasting
 - Level 0.6 Conjurations
 - Level 2.1 Air Magic


You had 4 spell levels left.
You knew the following spells:

 Your Spells              Type           Power        Failure   Level
a - Shock                 Conj/Air       #...         19%         1

Your spell library contained the following spells:

 Spells                   Type           Power        Failure   Level
 Swiftness                Air            #.......     21%         2
 Static Discharge         Conj/Air       #.......     50%         3
 Airstrike                Air            #.........   80%         4
 Lightning Bolt           Conj/Air       #.........   99%         5


Dungeon Overview and Level Annotations

Branches:
Dungeon (3/15)

Altars:


Innate Abilities, Weirdness & Mutations

You reflexively headbutt those who attack you in melee.
You have a pair of horns on your head.


Message History

You hit the orc wizard but do no damage.
The orc wizard is severely wounded.
The orc wizard barely misses you.
You hit the orc wizard but do no damage.
You headbutt the orc wizard, but do no damage.
The orc wizard is severely wounded.
The orc wizard hits you with a +0 dagger.
* * * LOW HITPOINT WARNING * * *
You barely miss the orc wizard.
The orc wizard is severely wounded.
The orc wizard hits you with a +0 dagger.
* * * LOW HITPOINT WARNING * * *
You barely miss the orc wizard.
The orc wizard is severely wounded.
The orc wizard closely misses you.
You closely miss the orc wizard.
The orc wizard is severely wounded.
The orc wizard gestures at you while chanting.
The magic dart hits you!
You die...

... # ... #. #..
#. #.. #..### #..
#.##..#)######.#.
###..
......o@)........
.....
####..#.##.......
###.. #..#.#
##.#... #..
##..#.### # . #..
#.......## #..
#........# #..
#.#.#.#..# # #..
# #.#.#..... #..
#...#......# ##..


You could see an orc wizard.

Vanquished Creatures
  3 adders
  A white imp (D:3)
  A worm (D:3)
  A dart slug (D:1)
  A leopard gecko (D:1)
  2 orcs (D:3)
  5 bats
  A giant cockroach (D:2)
  3 goblins
  5 hobgoblins
  3 jackals (D:2)
  5 kobolds
  2 frilled lizards (D:3)
  7 rats
40 creatures vanquished.

Vanquished Creatures (others)
  A leopard gecko (D:1)
1 creature vanquished.

Grand Total: 41 creatures vanquished

Notes
Turn   | Place    | Note
-------+----------+-------------------------------------------
     0 | D:1      | Lanoc the Minotaur Air Elementalist began the quest for the
                  | Orb.
     0 | D:1      | Reached XP level 1. HP: 14/14 MP: 1/1
   139 | D:1      | Reached skill level 1 in Fighting
   197 | D:1      | Reached XP level 2. HP: 21/23 MP: 0/3
   628 | D:2      | Reached XP level 3. HP: 7/29 MP: 1/4
   641 | D:2      | HP: 2/43 [poisoned by an adder]
   647 | D:2      | HP: 1/43 [poisoned by an adder]
  2111 | D:3      | Reached XP level 4. HP: 31/38 MP: 0/5
  2137 | D:3      | Killed from afar by an orc wizard

Illustrated notes

Levels and vault maps discovered:
D:1:      kennysheep_arrival_forest, layout_basic, lemuel_flame_loot_1
D:2:      wad_crossroads, layout_loops_corners, nicolae_overflow_hidden_temple
D:3:      layout_basic

Skill      XL: |  1  2  3 |
---------------+----------+-----
Fighting       | 1 2 3 |  3.2
Dodging        | 3 |  3.8
Stealth        | |  1.5
Spellcasting   | |  1.3
Conjurations   | |  0.6
Air Magic      | |  2.1

Action                   |  1- 3 |  4- 6 || total
-------------------------+-------+-------++-------
Melee: Unarmed           |    81 |    22 ||   103
       Headbutt          |    13 |     2 ||    15
 Cast: Shock             |    57 |     2 ||    59
  Use: Potion            |     3 |       ||     3
Armor: Robe              |    33 |       ||    33
Dodge: Dodged            |    76 |    11 ||    87

Table legend: (Time is in decaauts)
 A = Elapsed time spent in this place.
 B = Non-inter-level travel time spent in this place.
 C = Inter-level travel time spent in this place.
 D = Time resting spent in this place.
 E = Time spent auto-exploring this place.
 F = Levels seen in this place.
 G = Mean time per level.
                   A        B        C        D        E       F      G
               +--------+--------+--------+--------+--------+-----+--------+
         Total |   2140 |   2137 |      3 |     33 |   1787 |   3 |  713.3 |
       Dungeon |   2140 |   2137 |      3 |     33 |   1787 |   3 |  713.3 |
               +--------+--------+--------+--------+--------+-----+--------+

Top non-repeatable levels by time:
     D:3: 1126 daAuts
     D:2: 803 daAuts
     D:1: 211 daAuts
